 Dungeon Crawl Stone Soup version 0.26.1-11-gd32895ea62 (webtiles) character file.

Game seed: 14227203611213836392

3294 vvl the Merchant of Misery (level 9, -5/70 HPs)
             Began as a Demonspawn Fighter on July 6, 2021.
             Was a Believer of Kikubaaqudgha.
             Slain by Harold
             ... wielding a +0 war axe
              (7 damage)
             ... on level 7 of the Dungeon.
             The game lasted 00:20:23 (9379 turns).

vvl the Merchant of Misery (Demonspawn Fighter)     Turns: 9379, Time: 00:20:26

Health: -5/70      AC: 14    Str: 17    XL:     9   Next: 69%
Magic:  9/9        EV:  3    Int: 12    God:    Kikubaaqudgha [**....]
Gold:   244        SH: 10    Dex: 13    Spells: 8/8 levels left

rFire    . . .     SeeInvis .   a - +0 long sword
rCold    + . .     Faith    .   c - +0 kite shield
rNeg     . . .     Spirit   .   B - +0 plate armour
rPois    .         Reflect  .   (helmet restricted)
rElec    .         Harm     .   o - +1 cloak
rCorr    .         Rampage  .   (no gloves)
Will     .....                  (no boots)
Stlth    ..........             (no amulet)
HPRegen  0.21/turn              l - ring of protection from cold
MPRegen  0.11/turn              (no ring)

@: marked
A: horns 1
a: Renounce Religion, Receive Corpses


You were on level 7 of the Dungeon.
You worshipped Kikubaaqudgha.
Kikubaaqudgha was pleased with you.
You visited 2 branches of the dungeon, and saw 9 of its levels.

You collected 244 gold pieces.

Inventory:

Hand Weapons
 a - a +0 long sword (weapon)
 b - a +3 whip
 n - a +4 quarterstaff of chaos
Missiles
 D - 2 silver javelins (quivered)
Armour
 c - a +0 kite shield (worn)
 o - a +1 cloak (worn)
 B - a +0 plate armour (worn)
Jewellery
 i - the amulet of the Barnacle {RegenMP Str+2 Stlth+, unknown}
   (You found it on level 6 of the Dungeon)

   [amulet of magic regeneration]

   It increases your magic regeneration.
   It affects your strength (+2).
   It makes you more stealthy.
 l - a ring of protection from cold (left hand)
 s - an uncursed ring of wizardry
 u - an uncursed ring of positive energy
 G - an uncursed ring of flight
 I - an uncursed ring of wizardry
Wands
 v - a wand of iceblast (14)
Scrolls
 f - 2 scrolls of remove curse
 h - 6 scrolls of teleportation
 j - a scroll of enchant armour {unknown}
 p - a scroll of fog {unknown}
 t - a scroll of random uselessness {unknown}
 w - 3 scrolls of blinking
 x - a scroll of fear {unknown}
 y - a scroll of amnesia {unknown}
 z - 4 scrolls of magic mapping
 A - a scroll of enchant weapon
Potions
 d - a potion of magic {unknown}
 e - 3 potions of ambrosia
 k - a potion of heal wounds
 m - a potion of degeneration {unknown}
 q - 2 potions of curing
 r - 2 potions of flight
 C - a potion of cancellation {unknown}
 E - 2 potions of invisibility {unknown}
 F - a potion of mutation {unknown}
 J - a potion of berserk rage {unknown}


   Skills:
 + Level 6.3 Fighting
 + Level 5.4 Long Blades
 + Level 5.7 Armour
 + Level 5.7 Shields
 * Level 8.6 Necromancy


You had 8 spell levels left.
You didn't know any spells.
Your spell library contained the following spells:

 Spells                   Type           Power        Failure   Level
 Pain                     Necr           80%          77%         1
 Sublimation of Blood     Necr           10%          88%         2
 Vampiric Draining        Necr           10%          98%         3
 Corpse Rot               Necr/Air       N/A          100%        2


Dungeon Overview and Level Annotations

Branches:
Dungeon (8/15)             Temple (1/1) D:5
   Lair: D:8-11

Altars:
Ashenzari
Cheibriados
Dithmenos
Elyvilon
Fedhas
Hepliaklqana
Kikubaaqudgha
Makhleb
Okawaru
Qazlal
Ru
Sif Muna
Trog
Uskayaw
Vehumet
Wu Jian
Xom
Yredelemnul
Zin
The Shining One

Annotations:
D:7 Harold


Innate Abilities, Weirdness & Mutations

You have a pair of small horns on your head.


Message History

You hit Harold. You headbutt Harold, but do no damage.
Harold is almost dead.
Harold hits you with a +0 war axe.
* * * LOW HITPOINT WARNING * * *
Aiming: Disintegrate
Press: ? - help, Shift-Dir - straight line, f/p - Harold
Aim: Harold, wielding a +0 war axe and wearing a +0 ring mail (almost dead, chance to affect: 30%) Harold easily resists.
Aiming: Disintegrate
Press: ? - help, Shift-Dir - straight line, f/p - Harold
Aim: Harold, wielding a +0 war axe and wearing a +0 ring mail (almost dead, chance to affect: 30%) Harold easily resists.
Harold hits you with a +0 war axe!
* * * LOW HITPOINT WARNING * * *
Aiming: Disintegrate
Press: ? - help, Shift-Dir - straight line, f/p - Harold
Aim: Harold, wielding a +0 war axe and wearing a +0 ring mail (almost dead, chance to affect: 30%) Harold easily resists.
The now-empty wand crumbles to dust.
Harold hits you with a +0 war axe!
You die...
Kikubaaqudgha rasps: "You have failed me!
Welcome... death!"

......# #.......#.#..#......#
##.##########.......#.##.###...##
#.........##.......#.##.# #.....
#.........##.......#.##.###.#.##
#.............................#
#.........####.#####.##..##.#.#
#..............# #.##...#.#.#
##.#............#####.##.#.#.#.##
................@@...............
####............#####............
########(....# #.##.##..#...
######### #.....# #@##.##......
........#######.# #.h..........
.........# #.# ####h##......
.........# #.########.###.[[).
.###.....# #.......<#h# #..... .#
#.....# #.########.###.....


You could see Harold.

Vanquished Creatures
  Prince Ribbit (D:6)
  Sigmund (D:2)
  A water moccasin (D:6)
  3 sky beasts
  A black bear (D:7)
  An orc warrior (D:7)
  5 ice beasts
  3 ogres
  A centaur (D:5)
  3 bullfrogs
  A scorpion (D:6)
  5 wights (D:6)
  A bullfrog zombie (D:7)
  Crazy Yiuf (D:2)
  A gnoll shaman (D:6)
  2 hounds
  A jelly (D:4)
  4 orc priests
  2 centaur skeletons (D:4)
  4 orc wizards
  An iguana (D:7)
  Jessica (D:2)
  Ijyb (D:3)
  6 worker ants
  A hound skeleton (D:5)
  2 hound zombies
  A worker ant zombie (D:6)
  Robin (D:3)
  5 gnolls (D:6)
  14 adders
  5 shadow imps
  3 white imps
  2 worms
  2 dart slugs
  A leopard gecko (D:3)
  36 orcs
  3 giant cockroaches
  11 goblins
  10 hobgoblins
  9 jackals
  7 kobolds
  6 quokkas
  2 ball pythons
  7 bats
  7 frilled lizards
  6 rats
192 creatures vanquished.

Vanquished Creatures (others)
  A plant (D:1)
1 creature vanquished.

Grand Total: 193 creatures vanquished

Notes
Turn   | Place    | Note
-------+----------+-------------------------------------------
     0 | D:1      | vvl the Demonspawn Fighter began the quest for the Orb.
     0 | D:1      | Reached XP level 1. HP: 18/18 MP: 1/1
   239 | D:1      | Gained mutation: You have a pair of small horns on your
                  | head. [demonic ancestry]
   239 | D:1      | Reached XP level 2. HP: 16/24 MP: 2/2
   349 | D:1      | Reached skill level 1 in Necromancy
   570 | D:1      | Reached XP level 3. HP: 24/29 MP: 3/3
  1215 | D:2      | Noticed Sigmund
  1237 | D:3      | Noticed Robin
  1479 | D:3      | Killed Robin
  1480 | D:3      | Reached skill level 2 in Necromancy
  1598 | D:2      | Killed Sigmund
  1599 | D:2      | Reached skill level 3 in Necromancy
  1599 | D:2      | Reached XP level 4. HP: 15/37 MP: 4/4
  1599 | D:2      | Reached XP level 5. HP: 17/42 MP: 5/5
  1782 | D:2      | Found a runed translucent door.
  1783 | D:2      | Noticed Crazy Yiuf
  1793 | D:2      | Killed Crazy Yiuf
  2050 | D:2      | Reached XP level 6. HP: 48/48 MP: 6/6
  2170 | D:2      | Noticed Jessica
  2177 | D:2      | Killed Jessica
  3356 | D:3      | Noticed Ijyb
  3367 | D:3      | Killed Ijyb
  3643 | D:3      | Found a burning altar of Makhleb.
  3730 | D:3      | Reached skill level 4 in Necromancy
  4118 | D:4      | Reached XP level 7. HP: 46/54 MP: 7/7
  4682 | D:4      | Found a basalt altar of Yredelemnul.
  4691 | D:4      | Found a glowing golden altar of the Shining One.
  4697 | D:4      | Found a glowing silver altar of Zin.
  4808 | D:5      | Entered Level 5 of the Dungeon
  4990 | D:5      | Reached skill level 5 in Necromancy
  5256 | D:5      | Reached XP level 8. HP: 61/61 MP: 8/8
  5651 | D:5      | Found a staircase to the Ecumenical Temple.
  5668 | Temple   | Entered the Ecumenical Temple
  5736 | Temple   | Became a worshipper of Kikubaaqudgha
  5906 | D:5      | Reached skill level 6 in Necromancy
  6159 | D:6      | Reached skill level 5 in Fighting
  6232 | D:6      | Got a heavily runed zirconium amulet
  6591 | D:6      | Reached skill level 5 in Armour
  6591 | D:6      | Reached skill level 7 in Necromancy
  6610 | D:6      | Reached skill level 5 in Shields
  6928 | D:6      | Reached XP level 9. HP: 38/68 MP: 9/9
  6964 | D:6      | Noticed Prince Ribbit
  6974 | D:6      | Killed Prince Ribbit
  6975 | D:6      | Reached skill level 5 in Long Blades
  7290 | D:6      | Reached * piety under Kikubaaqudgha
  7290 | D:6      | Identified Kikubaaqudgha's Guide on Black Arts
                  | (Kikubaaqudgha gifted it to you on level 6 of the Dungeon)
  7290 | D:6      | Received a gift from Kikubaaqudgha
  8026 | D:7      | Reached skill level 8 in Necromancy
  8628 | D:7      | Reached ** piety under Kikubaaqudgha
  9316 | D:8      | Noticed Harold
  9378 | D:7      | HP: 2/70 [Harold/+0 war axe (17)]
  9379 | D:7      | Slain by Harold

Illustrated notes

Levels and vault maps discovered:
D:1:      scummos_arrival_forest, layout_basic, chequers_big_river
D:2:      layout_basic, uniq_sigmund, uniq_crazy_yiuf_cottage, uniq_jessica
D:3:      layout_basic, lightli_temple_of_fire, palyth_stone_intersect,
          patterned_corridor, uniq_robin, uniq_ijyb
D:4:      layout_basic, minmay_overflow_temple_star_quad
D:5:      layout_rooms, minmay_temple_entry_statues_pillars,
          hangedman_abyss_or_decor_stabs, st_stairs_6
D:6:      layout_rooms, minmay_misc_feat_roman, minmay_statues_item,
          nicolae_benzene_ring, uniq_prince_ribbit1
D:7:      layout_basic, hangedman_abyss_or_decor_stagger
D:8:      layout_basic, enter_bailey_2, uniq_harold, uniq_erica, uniq_gastronok
Temple:   nicolae_temple_elliptical

Skill      XL: |  1  2  3  4  5  6  7  8  9 |
---------------+----------------------------+-----
Long Blades    | 2 3 4 5 |  5.4
Necromancy     | 1 3 4 5 7 8 |  8.6
Armour         | 3 4 5 |  5.7
Shields        | 3 4 5 |  5.7
Fighting       | 4 5 6 |  6.3

Action                   |  1- 3 |  4- 6 |  7- 9 || total
-------------------------+-------+-------+-------++-------
Melee: Long sword        |    94 |   158 |   573 ||   825
       Headbutt          |    13 |    31 |   123 ||   167
Evoke: Wand              |       |       |    27 ||    27
  Use: Potion            |     1 |       |     4 ||     5
       Scroll            |       |       |    11 ||    11
 Stab: Paralysed         |       |       |    12 ||    12
Armor: Scale mail        |    38 |    69 |     9 ||   116
       Plate armour      |       |       |   410 ||   410
Dodge: Dodged            |    30 |    46 |    86 ||   162
Block: Kite shield       |    48 |    69 |   314 ||   431
       Rpst.: Long sword |     7 |    18 |    29 ||    54
